 Dungeon Crawl Stone Soup version 0.31-a0-626-g8143ab4f1d (webtiles) character file.

Game seed: 2220537556385035219

893 Dirtsage the Changeling (level 8, -5/48 HPs)
             Began as an Octopode Shapeshifter on Aug 24, 2023.
             Was an Initiate of Elyvilon.
             Killed by divine providence
             ... invoked by an orc priest
              (12 damage)
             ... on level 5 of the Dungeon.
             The game lasted 00:11:47 (4268 turns).

Dirtsage the Changeling (Octopode Shapeshifter)     Turns: 4268, Time: 00:11:47

Health: -5/48      AC:  1    Str: 16    XL:     8   Next: 6%
Magic:  8/8        EV: 13    Int: 10    God:    Elyvilon [......]
Gold:   117        SH:  0    Dex: 13    Spells: 7/7 levels left

rFire   . .          .
                       - Unarmed
rCold   . . .        (shield currently unavailable)
rNeg    . . .        (helmet restricted)
rPois   .            (no amulet)
rElec   .            (no ring)
rCorr   .            (no ring)
SInv    .            (no ring)
Will    .....        (no ring)
Stlth   +            (no ring)
HPRegen 0.28/turn    (no ring)
MPRegen 0.11/turn    (no ring)
                     (no ring)

%: no passive effects
@: flux-form, glowing
A: glow, contaminating, almost no armour, amphibious, 8 rings, camouflage 1,
gelatinous body 1, (nimble swimmer 1), tentacles
a: Begin Untransformation, Renounce Religion


You were on level 5 of the Dungeon.
You worshipped Elyvilon.
Elyvilon was noncommittal.
You were something dangerously unstable.
You visited 1 branch of the dungeon, and saw 5 of its levels.

You collected 237 gold pieces.
You spent 120 gold pieces at shops.

Inventory:

Magical Staves
 g - a staff of fire
Jewellery
 k - a ring of flight
Talismans
 b - a beast talisman
 c - a flux talisman (active)
Wands
 l - a wand of flame (19)
Scrolls
 d - a scroll of poison
 f - a scroll of enchant weapon {unknown}
 h - 2 scrolls of noise {unknown}
 i - 4 scrolls of identify
 n - a scroll of revelation {unknown}
 o - a scroll of acquirement {unknown}
 r - a scroll of fog {unknown}
 t - 3 scrolls of teleportation
 B - 2 scrolls of blinking
Potions
 a - 2 potions of lignification
 e - a potion of cancellation
 j - a potion of attraction
 m - a potion of might {unknown}
 p - a potion of berserk rage
 q - a potion of degeneration {unknown}


   Skills:
 - Level 1.0 Fighting
 - Level 2.0 Dodging
 + Level 5.9 Unarmed Combat
 * Level 7.3 Shapeshifting


You had 7 spell levels left.
You didn't know any spells.
Your spell library contained the following spells:

 Spells                   Type           Power      Damage    Failure   Level
 Sandblast                Erth           0%         2d4       36%         1
 Blink                    Tloc           0%         N/A       50%         2
 Lesser Beckoning         Tloc           0%         N/A       50%         2
 Momentum Strike          Conj/Tloc      0%         3d8       50%         2
 Passwall                 Tmut/Erth      0%         N/A       50%         2
 Stone Arrow              Conj/Erth      0%         3d7       75%         3


Dungeon Overview and Level Annotations

Branches:
Dungeon (5/15)
 Temple: D:4-7

Altars:
Elyvilon
Fedhas
Kikubaaqudgha
Vehumet
Wu Jian

Shops:
D:2 ?   D:5 :


Innate Abilities, Weirdness & Mutations

You are something dangerously unstable.
You glow with magical radiation, making you easy to see and hit.
Foes you strike become dangerously contaminated with magical radiation.
You are incapable of wielding weapons or throwing items.
You cannot wear most types of armour.
You are amphibious.
You can wear up to eight rings at the same time.
Your skin changes colour to match your surroundings (Stealth+).
Your rubbery body absorbs attacks. (AC +1, EV +1)
((You are camouflaged when in or above water. (Stealth+)))
You have tentacles for arms and can constrict up to eight enemies at once.


Message History

The scorpion shudders as magic cascades through it!
You kill the scorpion!
You have reached level 8!
You regained 4 hp, and now have 36/48 hp.
MP restored: 8
i - 4 scrolls of identify (gained 1)
There is an entrance to Beivan's Book Boutique here.
Health restored: 48 Search for what [? for help]? ozo Unknown command.
r - a scroll labelled NUUF JARGHE You now have 117 gold pieces (gained 9).
An orc priest comes into view. It is wielding a +0 club.
An orc priest comes into view. It is wielding a +0 club.
The orc priest shouts! x2; You hear a shout! x2
An orc comes into view. It is wielding a +0 short sword.
An orc comes into view. It is wielding a +0 dagger.
You hear an angry hiss.
An orc and an orc priest come into view.
The orc priest shouts!
You hear an angry hiss.
An adder comes into view.
An orc comes into view. It is wielding a +0 whip.
The orc priest calls down the wrath of Beogh upon you.
Pain shoots through your body!
You take 12 damage, and have 36/48 hp.
MASSIVE DAMAGE!!
An orc priest comes into view. It is wielding a +0 hand axe.
The orc priest shouts!
The adder hisses angrily.
An iguana comes into view.
The orc priest mumbles some strange prayers to Beogh against you.
Beogh smites you!
You take 14 damage, and have 22/48 hp.
MASSIVE DAMAGE!!
The orc priest calls down the wrath of Beogh upon you.
Beogh smites you!
* * * LOW HITPOINT WARNING * * *
The orc throws a boomerang.
The boomerang hits you.
* * * LOW HITPOINT WARNING * * *
You take 17 damage, and have 6/48 hp.
MASSIVE DAMAGE!!
The orc priest invokes the aid of Beogh against you.
Beogh smites you!
You die...

####.#..##.....##
##.#.#..###....#~
#....##.##.....'~ .
#####+####........#.##..#~ ..
##.. ..##.......#........##
...#... #.##..##......#......)
.......##.#...#............)..
..............................
l.......o...#B........#...)...
.....o.So.o...........#....#..
......o.o.........#.#.........
.#......o.........._....#...##
..##....o.........#.#.......#
. #.................###....##
.........#.......#####....##.
#..........######## #........
........#+## #...##.#.


You could see 3 orc priests, an adder and 3 orcs.

Vanquished Creatures
  Sigmund (D:3)
  2 black bears (D:4)
  A scorpion (D:5)
  2 jellies (D:4)
  An orc priest (D:3)
  3 orc wizards
  A gnoll bouda (D:5)
  3 iguanas
  A sleepcap (D:5)
  Natasha (thrice) (D:3)
  3 adders
  4 worms
  13 orcs
  8 endoplasms
  3 giant cockroaches
  4 hobgoblins
  4 kobolds
  2 quokkas
  2 ball pythons (D:3)
  6 bats
  A frilled lizard (D:2)
  7 rats
75 creatures vanquished.

Notes
Turn   | Place    | Note
-------+----------+-------------------------------------------
     0 | D:1      | Dirtsage the Octopode Shapeshifter began the quest for the
                  | Orb.
     0 | D:1      | Reached XP level 1. HP: 13/13 MP: 1/1
   302 | D:1      | Reached XP level 2. HP: 16/18 MP: 2/2
   450 | D:1      | Found a faded altar of an unknown god.
   768 | D:2      | Reached XP level 3. HP: 22/23 MP: 3/3
  1106 | D:2      | Found Zipam's Magic Scroll Shoppe.
  1109 | D:2      | Bought 2 scrolls of teleportation for 72 gold pieces
  1109 | D:2      | Bought a scroll of identify for 24 gold pieces
  1109 | D:2      | Bought a scroll of identify for 24 gold pieces
  1230 | D:2      | Reached skill level 4 in Shapeshifting
  1334 | D:2      | Found an ancient bone altar of Kikubaaqudgha.
  1432 | D:3      | Reached XP level 4. HP: 28/28 MP: 4/4
  1793 | D:3      | Noticed Natasha
  1800 | D:3      | Killed Natasha
  1801 | D:3      | Reached XP level 5. HP: 16/33 MP: 5/5
  2106 | D:3      | Found a blossoming altar of Fedhas.
  2207 | D:3      | Found an ornate altar of the Wu Jian Council.
  2587 | D:3      | Noticed Sigmund
  2595 | D:3      | Killed Sigmund
  2596 | D:3      | Reached skill level 5 in Shapeshifting
  2596 | D:3      | Reached XP level 6. HP: 24/38 MP: 6/6
  2677 | D:3      | Noticed Natasha
  2683 | D:3      | Killed Natasha
  2715 | D:3      | Noticed Natasha
  2724 | D:3      | Killed Natasha
  2794 | D:4      | Reached skill level 5 in Unarmed Combat
  2794 | D:4      | Reached skill level 6 in Shapeshifting
  2976 | D:4      | Reached XP level 7. HP: 26/43 MP: 7/7
  3691 | D:5      | Entered Level 5 of the Dungeon
  3960 | D:5      | Found a white marble altar of Elyvilon.
  3965 | D:5      | Reached skill level 7 in Shapeshifting
  4037 | D:5      | Became a worshipper of Elyvilon the Healer
  4063 | D:5      | Found a radiant altar of Vehumet.
  4179 | D:5      | Found Beivan's Book Boutique.
  4184 | D:5      | Reached XP level 8. HP: 36/48 MP: 8/8
  4268 | D:5      | Killed from afar by an orc priest

Illustrated notes

Levels and vault maps discovered:
D:1:      dpeg_arrival_stone_temple_mockup, layout_loops_ring,
          shapermc_ecumenical_altar_notcrosses
D:2:      layout_basic, serial_shops, nicolae_shop_rolled_up, basic_altar
D:3:      layout_basic, mainiacjoe_overflow_tiny_flanked, lemuel_tele_altar,
          uniq_natasha, uniq_sigmund
D:4:      layout_gridville
D:5:      cheibrodos_two_vegetables, layout_layer_cave,
          makhleb_altar_promises_db, nicolae_elyvilon_peaceful_grove,
          lemuel_crystal_altar, tso_altar, minmay_temple_entry_glassed_door,
          serial_shops, shop, minmay_liquid_box, minmay_misc_feat_nine_boxes,
          st_stairs_11

Skill      XL: |  1  2  3  4  5  6  7 |
---------------+----------------------+-----
Shapeshifting  | 4 5 6 7 |  7.3
Unarmed Combat | 4 5 |  5.9
Fighting       | |  1.0
Dodging        | |  2.0

Action                     |  1- 3 |  4- 6 |  7- 9 || total
---------------------------+-------+-------+-------++-------
  Melee: Unarmed           |    61 |    55 |    52 ||   168
         Constrict         |    15 |    16 |    15 ||    46
         Tentacles         |     8 |     8 |    20 ||    36
         Punch             |     1 |     4 |     1 ||     6
    Use: Scroll            |     3 |       |       ||     3
         Potion            |       |     2 |       ||     2
   Stab: Sleeping          |     9 |     4 |       ||    13
 Armour: Skin              |     9 |     3 |     4 ||    16
  Dodge: Dodged            |    26 |    22 |    24 ||    72
   Form: Flux              |       |       |     1 ||     1

Table legend: (Time is in decaauts)
 A = Elapsed time spent in this place.
 B = Non-inter-level travel time spent in this place.
 C = Inter-level travel time spent in this place.
 D = Time resting spent in this place.
 E = Time spent auto-exploring this place.
 F = Levels seen in this place.
 G = Mean time per level.
                   A        B        C        D        E       F      G
               +--------+--------+--------+--------+--------+-----+--------+
         Total |   4276 |   4066 |    210 |    260 |   3232 |   5 |  855.2 |
       Dungeon |   4276 |   4066 |    210 |    260 |   3232 |   5 |  855.2 |
               +--------+--------+--------+--------+--------+-----+--------+

Top non-repeatable levels by time:
     D:3: 1160 daAuts
     D:4: 1065 daAuts
     D:2: 973 daAuts
     D:1: 649 daAuts
     D:5: 427 daAuts
